 Dungeon Crawl Stone Soup version 0.32-a0-886-g41c5271027 (webtiles) character file.

Game seed: 1970530371222351619

2383 Fodor the Cleaver (level 9, 0/78 HPs)
             Began as a Minotaur Fighter on Apr 2, 2024.
             Killed from afar by an electric eel (11 damage)
             ... with a bolt of electricity
             ... on level 6 of the Dungeon.
             The game lasted 00:17:19 (6055 turns).

Fodor the Cleaver (Minotaur Fighter)                Turns: 6055, Time: 00:17:20

Health: 0/78       AC: 13    Str: 25    XL:     9   Next: 22%
Magic:  8/8        EV:  8    Int:  5    God:
Gold:   293        SH:  4    Dex: 10    Spells: 8/8 levels left

rFire   . . .        a - +0 war axe
rCold   . . .        c - +0 buckler
rNeg    . . .        b - +0 chain mail
rPois   .            u - +0 mask of the Dragon {Will+ Slay+3 SInv}
rElec   .            i - +0 cloak
rCorr   .            g - +0 pair of gloves
SInv    +            (no boots)
Will    +....        (no amulet) Stlth
                     (no ring)
HPRegen 0.33/turn    (no ring)
MPRegen 0.11/turn

%: no passive effects
@: about to teleport, very slow
A: horns 2, retaliatory headbutt
a: no special abilities


You were on level 6 of the Dungeon.
You visited 2 branches of the dungeon, and saw 7 of its levels.

You collected 329 gold pieces.
You spent 36 gold pieces at shops.

Inventory:

Hand Weapons
 a - a +0 war axe (weapon)
 n - a +0 giant club
Missiles
 H - 3 boomerangs (quivered)
Armour
 b - a +0 chain mail (worn)
 c - a +0 buckler (worn)
 g - a +0 pair of gloves (worn)
 i - a +0 cloak (worn)
 u - the +0 mask of the Dragon (worn) {Will+ Slay+3 SInv}
   (You found it on level 3 of the Dungeon)

   Slay+3:    It affects your accuracy & damage with ranged weapons and melee
   (+3).
   Will+:     It increases your willpower.
   SInv:      It lets you see invisible.
Wands
 y - a wand of acid (13)
 z - a wand of polymorph (3)
Scrolls
 f - a scroll of torment
 h - a scroll of noise
 j - 3 scrolls of enchant weapon
 m - 5 scrolls of teleportation
 p - 2 scrolls of butterflies
 s - 3 scrolls of amnesia {unknown}
 A - a scroll of poison {unknown}
 B - a scroll of silence {unknown}
 D - a scroll of fear {unknown}
 E - 2 scrolls of fog {unknown}
 F - a scroll of enchant armour {unknown}
 G - a scroll of identify
Potions
 d - a potion of might
 e - 2 potions of heal wounds {unknown}
 k - 6 potions of curing {unknown}
 l - 3 potions of degeneration {unknown}
 o - a potion of brilliance {unknown}
 q - 4 potions of mutation {unknown}
 r - 2 potions of cancellation {unknown}
 t - 2 potions of haste {unknown}
 v - a potion of lignification {unknown}
 w - a potion of invisibility {unknown}
 x - 2 potions of enlightenment {unknown}
 C - 2 potions of attraction {unknown}


   Skills:
 + Level 6.8 Fighting
 + Level 11.1 Axes
 + Level 7.1 Armour
 + Level 2.3 Dodging
 + Level 0.6 Stealth
 + Level 5.7 Shields


You had 8 spell levels left.
You didn't know any spells.
Your spell library contained the following spells:

 Spells                   Type           Power      Damage    Failure   Level
 Mercury Vapours          Alch/Air       0%         N/A       99%         2
 Mephitic Cloud           Conj/Alch/Air  0%         N/A       100%        3
 Passwall                 Erth           0%         N/A       100%        3
 Volatile Blastmotes      Fire/Tloc      0%         2d10      100%        3
 Vhi's Electric Charge    Tloc/Air       0%         N/A       100%        4
 Freezing Cloud           Conj/Ice/Air   0%         6-21      100%        5
 Bombard                  Conj/Erth      0%         9d1       100%        6


Dungeon Overview and Level Annotations

Branches:
Dungeon (6/15)             Temple (1/1) D:6

Altars:
Ashenzari
Elyvilon
Hepliaklqana
Kikubaaqudgha
Nemelex Xobeh
Trog
Wu Jian
Yredelemnul
The Shining One

Shops:
D:5 [[*(

Annotations:
D:5 1 runed translucent door, Arkalis's ghost, amateur TrFi


Innate Abilities, Weirdness & Mutations

You have a pair of horns on your head.
You reflexively headbutt those who attack you in melee.


Message History

The electric eel shoots out a bolt of lightning at you!
The bolt of electricity hits you!
You enter the shallow water.
Moving in this stuff is going to be slow.
The electric eel shoots out a bolt of lightning at you!
The bolt of electricity hits the electric eel.
The electric eel completely resists.
The bolt of electricity hits you.
Your unstable footing causes you to fumble your attack.
The electric eel shoots out a bolt of lightning at you!
The bolt of electricity hits you!
The electric eel shoots out a bolt of lightning at you!
The bolt of electricity hits the electric eel.
The electric eel completely resists.
The bolt of electricity hits the electric eel.
The electric eel completely resists.
The bolt of electricity hits you.
The electric eel shoots out a bolt of lightning at you!
The bolt of electricity hits the electric eel.
The electric eel completely resists.
The bolt of electricity hits you!
* * * LOW HITPOINT WARNING * * *
You slash the electric eel! Your headbutt misses the electric eel.
The electric eel is severely wounded.
The electric eel shoots out a bolt of lightning at you!
The bolt of electricity hits you.
* * * LOW HITPOINT WARNING * * *
The electric eel shoots out a bolt of lightning at you!
The bolt of electricity hits the electric eel.
The electric eel completely resists.
The bolt of electricity hits you.
* * * LOW HITPOINT WARNING * * *
As you read the scroll of teleportation, it crumbles to dust.
You feel strangely unstable.
The electric eel shoots out a bolt of lightning at you!
The bolt of electricity hits the electric eel.
The electric eel completely resists.
The bolt of electricity hits the electric eel.
The electric eel completely resists.
The bolt of electricity hits you but does no damage.
The electric eel shoots out a bolt of lightning at you!
The bolt of electricity hits the electric eel.
The electric eel completely resists.
The bolt of electricity hits you!
You die...

####.# ##.########.....#.... #.#
#..#..P~|≈##'#....### #.#
#.#'...P.≈≈#.#....### #.#
#.#....~?SS#.#....... #.#
##~#......≈≈#.##.#.### #.#
#~~##...!:≈##~##.#.### #.#
##.##########~###.#.... #.#
#..#..~~!≈##~####'##### #.#
#.#'..@SSS≈#.###...## ##.#
#.#....~.)≈#.##.....## ##..#
#~#...PP.≈≈#.#.......##
##...######~##..~.[≈##.#........#
..........##~########.##........'
##...########...~~~~~##.........#
.....# ############.......##
.##### #.# ##.....## .# #.###
##...##


You could see 3 electric eels.

Vanquished Creatures
  Pikel (D:4)
  Grinder (D:3)
  A wraith (D:6)
  Eustachio (D:4)
  3 water moccasins
  A black bear (D:6)
  A sky beast (D:4)
  An ogre (D:6)
  A bullfrog (D:6)
  2 scorpions
  A bombardier beetle (D:5)
  3 hounds
  A jelly (D:4)
  An orc priest (D:6)
  2 gnoll boudas (D:6)
  An iguana (D:4)
  3 orc wizards (D:6)
  Ijyb (D:4)
  15 gnolls
  5 adders
  2 shadow imps
  A white imp (D:6)
  3 ufetubi (D:6)
  5 dart slugs
  A ribbon worm (D:2)
  16 orcs
  8 ball pythons
  6 endoplasms
  4 giant cockroaches
  7 goblins
  7 hobgoblins
  4 jackals (D:3)
  5 kobolds
  2 quokkas (D:3)
  5 bats
  4 frilled lizards
  10 rats
136 creatures vanquished.

Notes
Turn   | Place    | Note
-------+----------+-------------------------------------------
     0 | D:1      | Fodor the Minotaur Fighter began the quest for the Orb.
     0 | D:1      | Reached XP level 1. HP: 19/19 MP: 0/0
   102 | D:1      | Reached XP level 2. HP: 27/27 MP: 1/1
   279 | D:1      | Reached XP level 3. HP: 33/33 MP: 2/2
   494 | D:1      | You fall into a shaft and drop 1 floor!
   621 | D:2      | Noticed a scorpion
   781 | D:1      | Reached skill level 3 in Axes
   968 | D:2      | Reached skill level 1 in Dodging
  1215 | D:2      | Reached XP level 4. HP: 38/40 MP: 3/3
  1560 | D:3      | Found the +0 mask of the Dragon {Will+ Slay+3 SInv}
  1928 | D:3      | Noticed Grinder
  1957 | D:3      | Killed Grinder
  1958 | D:3      | Reached skill level 5 in Axes
  1958 | D:3      | Reached XP level 5. HP: 33/47 MP: 4/4
  1958 | D:3      | Reached XP level 6. HP: 37/53 MP: 5/5
  2292 | D:4      | Reached skill level 5 in Armour
  2349 | D:4      | Reached skill level 5 in Fighting
  2351 | D:4      | Reached skill level 6 in Axes
  2412 | D:4      | Noticed Pikel
  2422 | D:4      | Killed Pikel
  2423 | D:4      | Reached skill level 7 in Axes
  2423 | D:4      | Reached XP level 7. HP: 34/61 MP: 6/6
  2610 | D:4      | Noticed Ijyb
  2614 | D:4      | Noticed Eustachio
  2636 | D:5      | Entered Level 5 of the Dungeon
  2665 | D:4      | Killed Ijyb
  2687 | D:4      | Killed Eustachio
  2688 | D:4      | Reached skill level 8 in Axes
  2688 | D:4      | Reached XP level 8. HP: 59/70 MP: 7/7
  3300 | D:5      | Found Kemes's General Store.
  3306 | D:5      | Bought a scroll of teleportation for 36 gold pieces
  3324 | D:5      | Found Humy's Weapon Shop.
  3429 | D:5      | Reached skill level 9 in Axes
  3524 | D:5      | Found Yjo Ruph's Armour Emporium.
  3591 | D:5      | Found Kosaod Tine's Antique Armour Boutique.
  3713 | D:5      | Found a runed translucent door.
  3725 | D:5      | Noticed Arkalis's ghost (amateur TrFi)
  4332 | D:6      | Reached skill level 10 in Axes
  4335 | D:6      | Reached skill level 5 in Shields
  4869 | D:6      | Found a staircase to the Ecumenical Temple.
  4878 | Temple   | Entered the Ecumenical Temple
  5031 | D:6      | Reached XP level 9. HP: 54/78 MP: 8/8
  5441 | D:6      | Reached skill level 11 in Axes
  6055 | D:6      | Killed from afar by an electric eel

Illustrated notes

Levels and vault maps discovered:
D:1:      wander_arrival_chamber, layout_loops_ring, minmay_hexomino_c4
D:2:      minmay_door_path, layout_basic, lightli_corner_chamber
D:3:      layout_loops_ring, uniq_grinder
D:4:      layout_cave_pods, uniq_pikel, uniq_eustachio, uniq_ijyb
D:5:      layout_loops_ring, gammafunk_ghost_grave, serial_shops, shop,
          nicolae_square_shop, shop, shop, serial_glass, glass_columns_a,
          glass_columns_b
D:6:      cheibrodos_two_vegetables, layout_loops_corners,
          minmay_temple_entry_antechambers
Temple:   kb_temple_of_zot

Skill      XL: |  1  2  3  4  5  6  7  8  9 |
---------------+----------------------------+-----
Armour         | 4 5 6 7 |  7.1
Fighting       | 4 5 6 |  6.8
Shields        | 4 5 |  5.7
Axes           | 3 5 7 8 10 11 | 11.1
Dodging        | 1 2 |  2.3
Stealth        | |  0.6

Action                     |  1- 3 |  4- 6 |  7- 9 || total
---------------------------+-------+-------+-------++-------
  Melee: War axe           |    94 |    72 |   150 ||   316
         Headbutt          |    12 |    12 |    29 ||    53
         Unarmed           |       |       |     3 ||     3
  Evoke: Wand              |       |       |     1 ||     1
    Use: Scroll            |       |       |     5 ||     5
 Armour: Scale mail        |     5 |       |       ||     5
         Chain mail        |    76 |    71 |   145 ||   292
         Skin              |       |       |     2 ||     2
  Dodge: Dodged            |    29 |    26 |    49 ||   104
  Block: Buckler           |    13 |    16 |    35 ||    64

Table legend: (Time is in decaauts)
 A = Elapsed time spent in this place.
 B = Non-inter-level travel time spent in this place.
 C = Inter-level travel time spent in this place.
 D = Time resting spent in this place.
 E = Time spent auto-exploring this place.
 F = Levels seen in this place.
 G = Mean time per level.
                   A        B        C        D        E       F      G
               +--------+--------+--------+--------+--------+-----+--------+
         Total |   6140 |   5945 |    195 |    618 |   4099 |   7 |  877.1 |
       Dungeon |   6086 |   5891 |    195 |    618 |   4099 |   6 | 1014.3 |
        Temple |     53 |     53 |      0 |      0 |      0 |   1 |   53.0 |
               +--------+--------+--------+--------+--------+-----+--------+

Top non-repeatable levels by time:
     D:6: 2031 daAuts
     D:4: 971 daAuts
     D:2: 860 daAuts
     D:5: 799 daAuts
     D:3: 713 daAuts
     D:1: 710 daAuts
  Temple: 53 daAuts
